[Event "Dvorkovich Memorial Rapid 2018"]
[Site "Taganrog"]
[Date "2018.01.14"]
[Round "1.24"]
[White "Vastrukhin, Oleg"]
[Black "Dragunov, Artem"]
[Result "1-0"]
[ECO "B08"]
[WhiteElo "2398"]
[BlackElo "1962"]
[Annotator "ChessBase"]
[PlyCount "88"]
[EventDate "2018.??.??"]
[EventType "swiss"]
[EventCountry "RUS"]
[SourceTitle "playchess.com"]
[Source "ChessBase"]
[SourceQuality "1"]
[TimeControl "900+10"]

1. Nf3 g6 2. d4 Bg7 3. e4 d6 4. Nc3 Nf6 5. Bg5 h6 6. Be3 Nc6 7. h3 a6 8. a4 O-O 9. Qd2 Kh7 10. g4 d5 11. Bd3 Nb4 12. g5 Nxd3+ 13. cxd3 Ng8 14. Nxd5 h5 15. a5 Bd7 16. Ne5 Be6 17. Nf4 Bc8 18. Rc1 e6 19. h4 Ne7 20. Qc3 Bxe5 21. dxe5 Nc6 22. d4 Qe8 23. f3 Bd7 24. Kf2 Rc8 25. Rhe1 Na7 26. Qb4 Bb5 27. d5 Ra8 28. Rxc7 exd5 29. Bxa7 Qxe5 30. Nxd5 Qh2+ 31. Ke3 Qxh4 32. Rg1 Qh2 33. Re1 Qg3 34. Bd4 Qxg5+ 35. Kf2 Qh4+ 36. Kg2 Qg5+ 37. Kh3 Rac8 38. Rg1 Bf1+ 39. Rxf1 Rxc7 40. Nxc7 Rd8 41. Nd5 Rxd5 42. exd5 h4 43. Bf2 Qf5+ 44. Qg4 Qxg4+ 1-0

[Event "Dvorkovich Memorial Rapid 2018"]
[Site "Taganrog"]
[Date "2018.01.14"]
[Round "1.28"]
[White "Tunik, Gennady"]
[Black "Khuranov, Temir"]
[Result "1-0"]
[ECO "D45"]
[WhiteElo "2378"]
[BlackElo "1658"]
[Annotator "ChessBase"]
[PlyCount "137"]
[EventDate "2018.??.??"]
[EventType "swiss"]
[EventCountry "RUS"]
[SourceTitle "playchess.com"]
[Source "ChessBase"]
[SourceQuality "1"]
[TimeControl "900+10"]

1. d4 d5 2. c4 c6 3. Nf3 Nf6 4. Nc3 e6 5. e3 Nbd7 6. Qc2 Be7 7. Bd3 O-O 8. O-O dxc4 9. Bxc4 b5 10. Be2 a6 11. e4 Bb7 12. e5 Nd5 13. Nxd5 cxd5 14. Bf4 Rc8 15. Qd3 Qb6 16. Bg5 Bxg5 17. Nxg5 g6 18. Rfc1 h6 19. Nf3 Rc7 20. Rxc7 Qxc7 21. Qd2 Rc8 22. Qxh6 Nf8 23. Bd3 Qe7 24. h4 Nh7 25. h5 Qf8 26. Qf4 gxh5 27. Ng5 Nxg5 28. Qxg5+ Qg7 29. Qxh5 Kf8 30. Re1 Ke7 31. Qh4+ Kd7 32. Qf4 Rh8 33. Re3 Bc6 34. a3 Ke7 35. Rg3 Qh6 36. Qxh6 Rxh6 37. Rh3 Rxh3 38. gxh3 Be8 39. f4 f6 40. Kf2 Bh5 41. Ke3 f5 42. Kd2 Kd7 43. a4 Kc6 44. Kc3 Kb6 45. axb5 axb5 46. Kb4 Be8 47. Be2 Bd7 48. h4 Be8 49. h5 Bf7 50. h6 Bg6 51. Bxb5 Bh7 52. Be8 Kc7 53. Kc5 Kd8 54. Bh5 Kc7 55. Bf7 Kd7 56. b4 Ke7 57. Bh5 Kd7 58. b5 Kc7 59. b6+ Kb7 60. Bf7 Kb8 61. Bxe6 Kb7 62. Bxd5+ Kb8 63. Bf7 Kb7 64. d5 Kb8 65. Kc6 Kc8 66. d6 Kd8 67. e6 Kc8 68. e7 Bg6 69. e8=Q# 1-0

[Event "Dvorkovich Memorial Rapid 2018"]
[Site "Taganrog"]
[Date "2018.01.14"]
[Round "2.24"]
[White "Mirzoyan, Mikhail"]
[Black "Vastrukhin, Oleg"]
[Result "0-1"]
[ECO "C18"]
[WhiteElo "2275"]
[BlackElo "2398"]
[Annotator "ChessBase"]
[PlyCount "51"]
[EventDate "2018.??.??"]
[EventType "swiss"]
[EventCountry "RUS"]
[SourceTitle "playchess.com"]
[Source "ChessBase"]
[SourceQuality "1"]
[TimeControl "900+10"]

1. e4 e6 2. d4 d5 3. Nc3 Bb4 4. e5 c5 5. a3 Bxc3+ 6. bxc3 Nc6 7. Qg4 g6 8. Nf3 Qa5 9. Bd2 Qa4 10. Be2 c4 11. Ng5 h6 12. Nh3 Bd7 13. Nf4 O-O-O 14. O-O Qxc2 15. Rfd1 Na5 16. Be1 Nb3 17. Rab1 Qa2 18. h4 Qxa3 19. h5 g5 20. Nh3 f5 21. exf6 Nxf6 22. Qf3 Rhf8 23. Qe3 Qd6 24. f3 Nxh5 25. g4 Nf4 26. Ra1 0-1

[Event "Dvorkovich Memorial Rapid 2018"]
[Site "Taganrog"]
[Date "2018.01.14"]
[Round "2.27"]
[White "Cherepanova, Evita"]
[Black "Tunik, Gennady"]
[Result "0-1"]
[ECO "A47"]
[WhiteElo "1753"]
[BlackElo "2378"]
[Annotator "ChessBase"]
[PlyCount "52"]
[EventDate "2018.??.??"]
[EventType "swiss"]
[EventCountry "RUS"]
[SourceTitle "playchess.com"]
[Source "ChessBase"]
[SourceQuality "1"]
[TimeControl "900+10"]

1. d4 Nf6 2. Nf3 e6 3. Bf4 b6 4. e3 Bb7 5. h3 c5 6. c3 Be7 7. Nbd2 O-O 8. Bd3 cxd4 9. exd4 d6 10. O-O Nbd7 11. Re1 Re8 12. Nc4 Nf8 13. a4 Ng6 14. Bh2 Nd5 15. a5 b5 16. a6 Bc6 17. Na5 Bd7 18. Nb7 Qb6 19. Qb3 Rac8 20. Qa3 b4 21. cxb4 Nxb4 22. d5 e5 23. Rec1 Bf8 24. Bxg6 hxg6 25. Qa5 Qxa5 26. Rxa5 Rxc1+ 0-1

[Event "Dvorkovich Memorial Rapid 2018"]
[Site "Taganrog"]
[Date "2018.01.14"]
[Round "3.21"]
[White "Kolmychek, Evelina"]
[Black "Ivlev, Aleksey"]
[Result "0-1"]
[ECO "C95"]
[WhiteElo "2013"]
[BlackElo "2300"]
[Annotator "ChessBase"]
[PlyCount "73"]
[EventDate "2018.??.??"]
[EventType "swiss"]
[EventCountry "RUS"]
[SourceTitle "playchess.com"]
[Source "ChessBase"]
[SourceQuality "1"]
[TimeControl "900+10"]

1. e4 e5 2. Nf3 Nc6 3. Bb5 a6 4. Ba4 Nf6 5. O-O Be7 6. Re1 b5 7. Bb3 O-O 8. c3 d6 9. h3 Nb8 10. d4 Nbd7 11. Nbd2 Bb7 12. Bc2 Re8 13. Nf1 Bf8 14. Ng3 g6 15. Nh2 Bg7 16. Ng4 Nxg4 17. hxg4 exd4 18. cxd4 c5 19. d5 Qh4 20. g5 Bd4 21. Be3 Bxe3 22. Rxe3 Qxg5 23. Nf1 Qf6 24. b3 Ne5 25. a4 b4 26. Ra2 a5 27. Bb1 Ba6 28. Rh3 Rac8 29. Ne3 c4 30. bxc4 Bxc4 31. Rd2 Ba6 32. f3 Rc3 33. Kf2 Rec8 34. Bc2 Qf4 35. Nf1 b3 36. Bxb3 Rc1 37. Ke1 0-1

[Event "Dvorkovich Memorial Rapid 2018"]
[Site "Taganrog"]
[Date "2018.01.13"]
[Round "3.22"]
[White "Anikonov, Dmitry"]
[Black "Simonyan, Grigori"]
[Result "1/2-1/2"]
[ECO "E04"]
[WhiteElo "2407"]
[BlackElo "2075"]
[Annotator "NA"]
[PlyCount "204"]
[EventDate "2018.??.??"]
[EventType "swiss"]
[EventCountry "RUS"]
[SourceTitle "playchess.com"]
[Source "ChessBase"]
[SourceQuality "1"]
[TimeControl "900+10"]

1. d4 d5 2. c4 c6 3. Nc3 dxc4 4. Nf3 Nf6 5. g3 b5 6. Bg2 Bb7 7. Ne5 a6 8. O-O e6 9. a4 Nd5 10. e4 Nxc3 11. bxc3 Nd7 12. f4 Bd6 13. Rb1 Qc7 14. Qg4 O-O 15. Nxd7 Qxd7 16. f5 exf5 17. Rxf5 Kh8 18. Qf3 Rae8 19. Be3 c5 20. d5 b4 21. e5 Bxe5 22. Bxc5 Bxc3 23. Bxf8 Rxf8 24. Rf4 Qc7 25. d6 Qb6+ 26. Qf2 Qxf2+ 27. Kxf2 Bxg2 28. Kxg2 Be5 29. Rxc4 Bxd6 30. Rc6 Be7 31. Rxa6 Kg8 32. Ra7 Bc5 33. Rc7 Bd6 34. Rc6 Be7 35. a5 Ra8 36. a6 g6 37. Rd1 Ra7 38. Rb6 Bc5 39. Rb5 Bf8 40. Ra1 Kg7 41. Rb7 Ra8 42. Kf3 Kf6 43. a7 Bc5 44. Ke4 b3 45. Ra6+ Kg7 46. Kd5 Bf2 47. g4 b2 48. Rxb2 Rxa7 49. Rxa7 Bxa7 50. Kd6 Be3 51. Ke7 Bg5+ 52. Ke8 f5 53. Rb7+ Kh6 54. gxf5 gxf5 55. Kf7 Bf4 56. h3 Kg5 57. Ke6 h5 58. Rb4 Bg3 59. Rb5 Kh4 60. Kxf5 Kxh3 61. Rb2 Bd6 62. Rd2 Bb8 63. Rd3+ Kg2 64. Kg5 Ba7 65. Kxh5 Bb6 66. Rb3 Ba7 67. Kg4 Kh1 68. Rh3+ Kg2 69. Rg3+ Kh1 70. Kf3 Bg1 71. Rh3+ Bh2 72. Rh7 Kg1 73. Rd7 Kh1 74. Rd2 Bg1 75. Rd5 Bh2 76. Kf2 Bg1+ 77. Kf1 Bh2 78. Rd1 Bg1 79. Ke2 Kg2 80. Rd7 Bh2 81. Rg7+ Kh1 82. Kf3 Bg1 83. Rh7+ Bh2 84. Kg4 Kg2 85. Rb7 Bg1 86. Kf4 Bh2+ 87. Ke4 Bg1 88. Rg7+ Kh1 89. Kf3 Bh2 90. Kf2 Be5 91. Rg1+ Kh2 92. Rg5 Bd4+ 93. Kf3 Bb6 94. Rb5 Bd4 95. Rb4 Bc5 96. Rc4 Ba7 97. Rc1 Bg1 98. Ke2 Kg2 99. Rc6 Bh2 100. Rg6+ Kh1 101. Rh6 Kg2 102. Rxh2+ Kxh2 1/2-1/2

[Event "Dvorkovich Memorial Rapid 2018"]
[Site "Taganrog"]
[Date "2018.01.13"]
[Round "3.23"]
[White "Vdovin, Maxim"]
[Black "Bykov, Egor"]
[Result "0-1"]
[ECO "E15"]
[WhiteElo "2151"]
[BlackElo "2346"]
[Annotator "NA"]
[PlyCount "47"]
[EventDate "2018.??.??"]
[EventType "swiss"]
[EventCountry "RUS"]
[SourceTitle "playchess.com"]
[Source "ChessBase"]
[SourceQuality "1"]
[TimeControl "900+10"]

1. d4 Nf6 2. Nf3 e6 3. c4 b6 4. g3 Ba6 5. b3 Bb4+ 6. Bd2 Be7 7. Bg2 c6 8. Nc3 d5 9. cxd5 cxd5 10. O-O Nc6 11. Rc1 Rc8 12. Qc2 Ba3 13. Rce1 Ne4 14. Nxe4 Nxd4 15. Qb1 Nxf3+ 16. Bxf3 dxe4 17. Qxe4 O-O 18. Rd1 Qe8 19. Bf4 Qb5 20. Bd6 Bxd6 21. Rxd6 Qa5 22. Rd7 Bb5 23. Re7 Bc6 24. Qf4 0-1

[Event "Dvorkovich Memorial Rapid 2018"]
[Site "Taganrog"]
[Date "2018.01.13"]
[Round "3.24"]
[White "Musalov, Ruslan"]
[Black "Krivochkin, Ilya"]
[Result "1-0"]
[ECO "A12"]
[WhiteElo "2338"]
[BlackElo "2046"]
[Annotator "NA"]
[PlyCount "103"]
[EventDate "2018.??.??"]
[EventType "swiss"]
[EventCountry "RUS"]
[SourceTitle "playchess.com"]
[Source "ChessBase"]
[SourceQuality "1"]
[TimeControl "900+10"]

1. Nf3 d5 2. e3 Bf5 3. b3 Nf6 4. Bb2 e6 5. Be2 Bd6 6. O-O Nbd7 7. c4 c6 8. d4 Ne4 9. Nc3 Qf6 10. Nd2 Qh6 11. f4 Ndf6 12. Ncxe4 dxe4 13. Rf2 g5 14. Nf1 gxf4 15. exf4 Rg8 16. Qd2 O-O-O 17. b4 Bg4 18. c5 Bxe2 19. Qxe2 Bxf4 20. b5 Ng4 21. Rxf4 Qxf4 22. bxc6 bxc6 23. Qa6+ Kd7 24. Qxa7+ Qc7 25. Qa3 Rg6 26. h3 Nf6 27. Re1 Rdg8 28. Re2 Nd5 29. Rf2 f5 30. g4 h5 31. Rg2 hxg4 32. h4 Nf4 33. Qe3 Nxg2 34. Kxg2 g3 35. Bc1 Rg4 36. h5 Qd8 37. Qb3 Ke7 38. Ne3 Rh4 39. d5 Rh2+ 40. Kg1 Qa5 41. Qb7+ Ke8 42. Qxc6+ Kf8 43. Qd6+ Ke8 44. Qxe6+ Kd8 45. Qxg8+ Kc7 46. Qxg3+ Kc8 47. Kxh2 Qxc5 48. Bb2 Qa5 49. Be5 Qxa2+ 50. Kh3 Qe2 51. Kh4 Qd3 52. h6 1-0

[Event "Dvorkovich Memorial Rapid 2018"]
[Site "Taganrog"]
[Date "2018.01.14"]
[Round "3.26"]
[White "Tsoi, Dmitry"]
[Black "Chan, Naruna"]
[Result "1-0"]
[ECO "B31"]
[WhiteElo "2371"]
[BlackElo "1929"]
[Annotator "ChessBase"]
[PlyCount "81"]
[EventDate "2018.??.??"]
[EventType "swiss"]
[EventCountry "RUS"]
[SourceTitle "playchess.com"]
[Source "ChessBase"]
[SourceQuality "1"]
[TimeControl "900+10"]

1. e4 c5 2. Be2 Nc6 3. f4 e5 4. d3 exf4 5. Bxf4 d6 6. Nf3 Be7 7. O-O Nf6 8. Qe1 O-O 9. c4 Ng4 10. Nc3 Nge5 11. Bxe5 Nxe5 12. Nxe5 dxe5 13. Nd5 Bh4 14. Qd1 f5 15. exf5 Bxf5 16. Bg4 Bg6 17. Bf3 Kh8 18. Be4 Qg5 19. Bxg6 Qxg6 20. Qe2 Bf6 21. Qe4 Qxe4 22. dxe4 a6 23. a4 Rab8 24. Rf3 Kg8 25. Rb3 Bd8 26. Rf1 Rxf1+ 27. Kxf1 Kf7 28. Ke2 Ke6 29. Kd1 Ba5 30. Kc2 h6 31. h4 Rf8 32. Rxb7 Rf2+ 33. Kb3 Rxg2 34. Re7+ Kd6 35. Ra7 Be1 36. Rxa6+ Kd7 37. h5 Rg5 38. Ra7+ Kd8 39. a5 Rxh5 40. a6 g5 41. Rh7 1-0

[Event "Dvorkovich Memorial Rapid 2018"]
[Site "Taganrog"]
[Date "2018.01.13"]
[Round "3.27"]
[White "Getman, Dmitriy"]
[Black "Kotenko, Pavel"]
[Result "0-1"]
[ECO "E92"]
[WhiteElo "1772"]
[BlackElo "2403"]
[Annotator "NA"]
[PlyCount "84"]
[EventDate "2018.??.??"]
[EventType "swiss"]
[EventCountry "RUS"]
[SourceTitle "playchess.com"]
[Source "ChessBase"]
[SourceQuality "1"]
[TimeControl "900+10"]

1. d4 Nf6 2. c4 g6 3. Nc3 Bg7 4. e4 d6 5. h3 O-O 6. Nf3 e5 7. d5 a5 8. Be3 Na6 9. Be2 Nh5 10. a3 Nf4 11. O-O Nxe2+ 12. Qxe2 Bd7 13. Rfb1 a4 14. b4 axb3 15. Rxb3 b6 16. Nb5 f5 17. Nc3 f4 18. Bd2 g5 19. Ne1 Qe8 20. Nb5 h5 21. f3 Qg6 22. Nd3 g4 23. hxg4 hxg4 24. Kf1 Bf6 25. Qf2 Kg7 26. Ke2 Rh8 27. Nb4 Nc5 28. Rbb1 Bh4 29. Qf1 Bxb5 30. cxb5 Bg3 31. Nd3 gxf3+ 32. gxf3 Rh2+ 33. Kd1 Rah8 34. Kc2 Nxe4 35. fxe4 Qxe4 36. Rb4 Qxd5 37. Qc1 e4 38. Qb2+ Kf7 39. Rd4 exd3+ 40. Rxd3 Qc4+ 41. Rc3 Rxd2+ 42. Kxd2 Rh2+ 0-1

[Event "Dvorkovich Memorial Rapid 2018"]
[Site "Taganrog"]
[Date "2018.01.13"]
[Round "3.28"]
[White "Chernyavsky, Alexander"]
[Black "Sukhareva, Valentina"]
[Result "1-0"]
[ECO "A40"]
[WhiteElo "2326"]
[BlackElo "1832"]
[Annotator "NA"]
[PlyCount "57"]
[EventDate "2018.??.??"]
[EventType "swiss"]
[EventCountry "RUS"]
[SourceTitle "playchess.com"]
[Source "ChessBase"]
[SourceQuality "1"]
[TimeControl "900+10"]

1. d4 e6 2. b3 d5 3. e3 f5 4. Bd3 Nf6 5. Bb2 Nbd7 6. c4 c6 7. Nc3 Bd6 8. Nge2 Ne4 9. Qc2 Qh4 10. g3 Qh6 11. h4 Ndf6 12. Bxe4 Nxe4 13. Rf1 Bd7 14. Nf4 Qf6 15. O-O-O Rc8 16. Nce2 Qe7 17. f3 Nf6 18. Kb1 g6 19. Nc3 Kd8 20. e4 Bxf4 21. gxf4 Ke8 22. Rde1 Kf7 23. exd5 cxd5 24. cxd5 Qb4 25. dxe6+ Bxe6 26. d5 Bd7 27. Qd2 Bb5 28. Re6 Rhe8 29. Rxf6+ 1-0

[Event "Dvorkovich Memorial Rapid 2018"]
[Site "Taganrog"]
[Date "2018.01.14"]
[Round "3.29"]
[White "Nazaretyan, Tigran"]
[Black "Ivchenko, Alexander"]
[Result "1-0"]
[ECO "A93"]
[WhiteElo "2285"]
[BlackElo "1742"]
[Annotator "ChessBase"]
[PlyCount "86"]
[EventDate "2018.??.??"]
[EventType "swiss"]
[EventCountry "RUS"]
[SourceTitle "playchess.com"]
[Source "ChessBase"]
[SourceQuality "1"]
[TimeControl "900+10"]

1. d4 d5 2. c4 e6 3. Nf3 f5 4. g3 Nf6 5. Bg2 c6 6. O-O Be7 7. b3 O-O 8. Bb2 Ne4 9. Ne5 Nd7 10. Nd3 Ndf6 11. Nd2 Bd7 12. Nf3 Be8 13. Nfe5 Bh5 14. Nf4 Bf7 15. Rc1 g5 16. Nh3 h6 17. f3 Nd6 18. Qd2 Rc8 19. Nf2 Nd7 20. Nfd3 Nxe5 21. dxe5 Ne8 22. cxd5 cxd5 23. Rxc8 Qxc8 24. Rc1 Qd7 25. Qa5 b6 26. Qc3 Ng7 27. Qc7 Rd8 28. Kf1 Ne8 29. Qc6 Qxc6 30. Rxc6 Rd7 31. Rc8 Rc7 32. Ra8 Kh7 33. Ke1 Ng7 34. Kd2 Be8 35. Bc3 Bc6 36. Rb8 Ne8 37. Bb4 Kg6 38. Bxe7 Rxe7 39. Nb4 Bb7 40. e3 a5 41. Nc2 Kf7 42. Nd4 Rc7 43. Bf1 Ng7 1-0

[Event "Dvorkovich Memorial Rapid 2018"]
[Site "Taganrog"]
[Date "2018.01.13"]
[Round "4.21"]
[White "Ivlev, Aleksey"]
[Black "Garkushin, Artem"]
[Result "1-0"]
[ECO "E64"]
[WhiteElo "2300"]
[BlackElo "2088"]
[Annotator "NA"]
[PlyCount "27"]
[EventDate "2018.??.??"]
[EventType "swiss"]
[EventCountry "RUS"]
[SourceTitle "playchess.com"]
[Source "ChessBase"]
[SourceQuality "1"]
[TimeControl "900+10"]

1. d4 Nf6 2. c4 c5 3. d5 g6 4. Nc3 Bg7 5. g3 O-O 6. Bg2 d6 7. Nf3 a6 8. O-O e6 9. e4 exd5 10. exd5 Bg4 11. h3 Bxf3 12. Qxf3 Nbd7 13. Bf4 Rb8 14. Be5 1-0

[Event "Dvorkovich Memorial Rapid 2018"]
[Site "Taganrog"]
[Date "2018.01.13"]
[Round "4.23"]
[White "Pshmahov, Osman"]
[Black "Musalov, Ruslan"]
[Result "1/2-1/2"]
[ECO "B07"]
[WhiteElo "2103"]
[BlackElo "2338"]
[Annotator "NA"]
[PlyCount "21"]
[EventDate "2018.??.??"]
[EventType "swiss"]
[EventCountry "RUS"]
[SourceTitle "playchess.com"]
[Source "ChessBase"]
[SourceQuality "1"]
[TimeControl "900+10"]

1. d4 d6 2. e4 e5 3. dxe5 dxe5 4. Qxd8+ Kxd8 5. Nc3 Be6 6. Bg5+ f6 7. O-O-O+ Nd7 8. Be3 Ne7 9. g3 c6 10. Bh3 Bxh3 11. Nxh3 1/2-1/2

[Event "Dvorkovich Memorial Rapid 2018"]
[Site "Taganrog"]
[Date "2018.01.13"]
[Round "4.26"]
[White "Kotenko, Pavel"]
[Black "Bogdanov, Rodion"]
[Result "1-0"]
[ECO "C41"]
[WhiteElo "2403"]
[BlackElo "1879"]
[Annotator "NA"]
[PlyCount "109"]
[EventDate "2018.??.??"]
[EventType "swiss"]
[EventCountry "RUS"]
[SourceTitle "playchess.com"]
[Source "ChessBase"]
[SourceQuality "1"]
[TimeControl "900+10"]

1. e4 e5 2. Nf3 d6 3. d4 Nd7 4. Bc4 exd4 5. Qxd4 Qf6 6. Nc3 Ne5 7. Nxe5 dxe5 8. Qd3 c6 9. Be3 Qd6 10. O-O-O Qxd3 11. Rxd3 Nf6 12. Rhd1 Be7 13. f3 O-O 14. a4 b6 15. Ne2 Be6 16. Bxe6 fxe6 17. Bd2 c5 18. c4 Bd8 19. Bc3 Bc7 20. Kc2 Rfe8 21. R3d2 Kf7 22. Nc1 Ke7 23. Nd3 Nd7 24. b4 g5 25. Nxc5 Nxc5 26. bxc5 Red8 27. cxb6 axb6 28. Kb3 Rxd2 29. Rxd2 Bd6 30. Bb4 Bc5 31. Bc3 Bd6 32. Ra2 Kf6 33. a5 bxa5 34. Rxa5 Rb8+ 35. Rb5 Rc8 36. Bb4 Bb8 37. Rb7 h5 38. c5 g4 39. Kc4 gxf3 40. gxf3 Bd6 41. Kb5 Bf8 42. Rb6 Rd8 43. c6 Bxb4 44. Kxb4 Rd2 45. Kc5 Rc2+ 46. Kd6 Rd2+ 47. Kc7 Rxh2 48. Kb7 Rc2 49. c7 h4 50. c8=Q Rxc8 51. Kxc8 h3 52. Kd7 h2 53. Rb1 Kg5 54. Kxe6 Kf4 55. Kd5 1-0

[Event "Dvorkovich Memorial Rapid 2018"]
[Site "Taganrog"]
[Date "2018.01.13"]
[Round "4.27"]
[White "Zubkov, Sergei"]
[Black "Chernyavsky, Alexander"]
[Result "0-1"]
[ECO "C02"]
[WhiteElo "2107"]
[BlackElo "2326"]
[Annotator "NA"]
[PlyCount "83"]
[EventDate "2018.??.??"]
[EventType "swiss"]
[EventCountry "RUS"]
[SourceTitle "playchess.com"]
[Source "ChessBase"]
[SourceQuality "1"]
[TimeControl "900+10"]

1. e4 e6 2. d4 d5 3. e5 c5 4. c3 Bd7 5. Nf3 Qb6 6. Be2 Bb5 7. O-O Bxe2 8. Qxe2 Nc6 9. Be3 Nh6 10. dxc5 Bxc5 11. Bxh6 gxh6 12. b4 Bf8 13. a4 Bg7 14. Na3 O-O 15. a5 Qc7 16. Nb5 Qd7 17. Rad1 a6 18. Nbd4 Rac8 19. Rd3 Ne7 20. h4 Ng6 21. Qd2 Nxe5 22. Nxe5 Bxe5 23. Qxh6 Kh8 24. Nf3 Bg7 25. Qd2 Rc4 26. Nd4 e5 27. Nf3 d4 28. Ng5 h6 29. Ne4 Qc6 30. Nc5 f5 31. cxd4 e4 32. Rb3 Rxd4 33. Qe2 f4 34. Qg4 f3 35. Ne6 Qd7 36. Qxg7+ Qxg7 37. Nxg7 Kxg7 38. b5 Rf6 39. h5 Rd5 40. bxa6 bxa6 41. Rb7+ Rf7 42. Rb3 0-1

[Event "Dvorkovich Memorial Rapid 2018"]
[Site "Taganrog"]
[Date "2018.01.13"]
[Round "4.28"]
[White "Tyurin, Artem"]
[Black "Nazaretyan, Tigran"]
[Result "0-1"]
[ECO "B59"]
[WhiteElo "1820"]
[BlackElo "2285"]
[Annotator "NA"]
[PlyCount "138"]
[EventDate "2018.??.??"]
[EventType "swiss"]
[EventCountry "RUS"]
[SourceTitle "playchess.com"]
[Source "ChessBase"]
[SourceQuality "1"]
[TimeControl "900+10"]

1. e4 c5 2. Nf3 Nc6 3. d4 cxd4 4. Nxd4 Nf6 5. Nc3 d6 6. f3 e5 7. Nb3 Be7 8. Be2 a5 9. a4 O-O 10. Be3 Nb4 11. O-O d5 12. exd5 Bf5 13. Rc1 Nfxd5 14. Nxd5 Nxd5 15. Bd2 Qb6+ 16. Kh1 Ne3 17. Bxe3 Qxe3 18. Bb5 Rfd8 19. Qe1 Qxe1 20. Rfxe1 Bg5 21. Ra1 Bxc2 22. Nc5 Rd2 23. Rxe5 Bf6 24. Re2 Rxe2 25. Bxe2 b6 26. Rc1 Bf5 27. Ne4 Bxb2 28. Rc7 Rc8 29. Rxc8+ Bxc8 30. Bc4 Bd7 31. Bb3 Be5 32. Kg1 b5 33. axb5 Bxb5 34. Kf2 a4 35. Ba2 h6 36. g3 a3 37. Ke3 Kf8 38. f4 Bc7 39. Kd4 Bb6+ 40. Kc3 Bg1 41. h3 Bf1 42. h4 Bh2 43. Kb3 f5 44. Nd6 Bh3 45. Kxa3 h5 46. Bb1 g6 47. Kb3 Bxg3 48. Kc4 Bxf4 49. Kd5 Bg3 50. Ke6 Kg7 51. Nxf5+ gxf5 52. Bxf5 Bf1 53. Be4 Bxh4 54. Kf5 Bh3+ 55. Kf4 Kf6 56. Bf3 Kg6 57. Be4+ Kh6 58. Bf3 Be6 59. Be4 Bg4 60. Bf3 Bc8 61. Bd5 Be1 62. Bf3 h4 63. Bg4 Bg3+ 64. Kf3 Bb7+ 65. Ke3 Bg2 66. Bf3 h3 67. Ke2 Kg6 68. Ke3 Kf5 69. Ke2 Kf4 0-1

[Event "Dvorkovich Memorial Rapid 2018"]
[Site "Taganrog"]
[Date "2018.01.13"]
[Round "6.22"]
[White "Ivlev, Aleksey"]
[Black "Potapenko, Denis"]
[Result "1-0"]
[ECO "D85"]
[WhiteElo "2300"]
[BlackElo "2158"]
[Annotator "NA"]
[PlyCount "61"]
[EventDate "2018.??.??"]
[EventType "swiss"]
[EventCountry "RUS"]
[SourceTitle "playchess.com"]
[Source "ChessBase"]
[SourceQuality "1"]
[TimeControl "900+10"]

1. d4 Nf6 2. c4 g6 3. Nc3 d5 4. cxd5 Nxd5 5. e4 Nxc3 6. bxc3 Bg7 7. Nf3 c5 8. Rb1 O-O 9. Be2 cxd4 10. cxd4 Qa5+ 11. Qd2 Qxd2+ 12. Kxd2 e6 13. Bb5 a6 14. Bd3 Rd8 15. e5 Nc6 16. Bb2 Bd7 17. Bc3 b5 18. h4 Bf8 19. h5 b4 20. Bb2 Na5 21. hxg6 hxg6 22. Ng5 Bb5 23. Ne4 Be7 24. Nf6+ Bxf6 25. exf6 Bxd3 26. Kxd3 Nc6 27. Ke4 Nb8 28. Bc1 Rd5 29. Bh6 Nc6 30. Bg7 Rh5 31. g4 1-0

[Event "Dvorkovich Memorial Rapid 2018"]
[Site "Taganrog"]
[Date "2018.01.13"]
[Round "6.23"]
[White "Bykov, Egor"]
[Black "Garkushin, Artem"]
[Result "1-0"]
[ECO "E91"]
[WhiteElo "2346"]
[BlackElo "2088"]
[Annotator "NA"]
[PlyCount "80"]
[EventDate "2018.??.??"]
[EventType "swiss"]
[EventCountry "RUS"]
[SourceTitle "playchess.com"]
[Source "ChessBase"]
[SourceQuality "1"]
[TimeControl "900+10"]

1. d4 Nf6 2. c4 c5 3. d5 g6 4. Nc3 Bg7 5. Nf3 O-O 6. e4 d6 7. h3 e6 8. Be2 exd5 9. exd5 a6 10. a4 Re8 11. O-O Nbd7 12. Re1 Ne4 13. Nxe4 Rxe4 14. Qc2 Nf6 15. Bg5 Bf5 16. Bd3 Rxe1+ 17. Rxe1 Bxd3 18. Qxd3 Qd7 19. b3 Re8 20. Rxe8+ Qxe8 21. Kf1 Ne4 22. Qe3 f5 23. Bf4 b5 24. axb5 axb5 25. Ng5 Bd4 26. Nxe4 fxe4 27. Qe2 bxc4 28. bxc4 Qe7 29. g4 Kf7 30. Kg2 Kg8 31. Kf1 Kf7 32. Qe1 Kg8 33. Qb1 Kf7 34. Ke2 Be5 35. Be3 Bd4 36. Bf4 Be5 37. Bd2 Bd4 38. Bf4 Be5 39. Bd2 Bd4 40. g5 Qe5 1-0

[Event "Dvorkovich Memorial Rapid 2018"]
[Site "Taganrog"]
[Date "2018.01.13"]
[Round "6.25"]
[White "Kotenko, Pavel"]
[Black "Simonyan, Grigori"]
[Result "0-1"]
[ECO "B81"]
[WhiteElo "2403"]
[BlackElo "2075"]
[Annotator "NA"]
[PlyCount "56"]
[EventDate "2018.??.??"]
[EventType "swiss"]
[EventCountry "RUS"]
[SourceTitle "playchess.com"]
[Source "ChessBase"]
[SourceQuality "1"]
[TimeControl "900+10"]

1. e4 c5 2. Nf3 e6 3. d4 cxd4 4. Nxd4 Nf6 5. Nc3 d6 6. g4 h6 7. Bg2 a6 8. h3 Nc6 9. Be3 g5 10. Qe2 Bd7 11. O-O-O Rc8 12. Nxc6 Bxc6 13. h4 gxh4 14. f4 Qa5 15. Rxh4 b5 16. Bd4 Bg7 17. Kb1 b4 18. Nd5 Bb5 19. Nxf6+ Bxf6 20. Qd2 e5 21. fxe5 Bxh4 22. exd6 Bg5 23. Qf2 Rg8 24. e5 Bd7 25. Bb6 Qb5 26. Bd5 Rf8 27. e6 fxe6 28. Qd4 Qxd5 0-1

[Event "Dvorkovich Memorial Rapid 2018"]
[Site "Taganrog"]
[Date "2018.01.13"]
[Round "6.26"]
[White "Getman, Tatyana"]
[Black "Chernyavsky, Alexander"]
[Result "0-1"]
[ECO "E92"]
[WhiteElo "2106"]
[BlackElo "2326"]
[Annotator "NA"]
[PlyCount "53"]
[EventDate "2018.??.??"]
[EventType "swiss"]
[EventCountry "RUS"]
[SourceTitle "playchess.com"]
[Source "ChessBase"]
[SourceQuality "1"]
[TimeControl "900+10"]

1. d4 Nf6 2. c4 g6 3. Nc3 Bg7 4. e4 O-O 5. Nf3 d6 6. d5 e5 7. Be2 a5 8. Qc2 Na6 9. h3 Nh5 10. O-O f5 11. exf5 Bxf5 12. Qd1 Nf4 13. Bxf4 exf4 14. Nd4 Bxd4 15. Qxd4 Qg5 16. Ne4 Bxe4 17. Qxe4 Rae8 18. Qf3 Qe5 19. Bd3 Qxb2 20. Rab1 Qxa2 21. Rxb7 Re7 22. Rbb1 Nc5 23. Rfe1 Rxe1+ 24. Rxe1 Qd2 25. Rd1 Qc3 26. h4 Qe5 27. Bc2 0-1

[Event "Dvorkovich Memorial Rapid 2018"]
[Site "Taganrog"]
[Date "2018.01.14"]
[Round "8"]
[White "Kotenko, Pavel"]
[Black "Garkushin, Artem"]
[Result "1-0"]
[ECO "C11"]
[WhiteElo "2403"]
[BlackElo "2088"]
[Annotator "ChessBase"]
[PlyCount "64"]
[EventDate "2018.??.??"]
[EventType "swiss"]
[EventCountry "RUS"]
[SourceTitle "playchess.com"]
[Source "ChessBase"]
[SourceQuality "1"]
[TimeControl "900+10"]

1. e4 e6 2. d4 d5 3. Nc3 Nf6 4. e5 Nfd7 5. f4 c5 6. Nf3 Nc6 7. Be3 Qb6 8. Na4 Qa5+ 9. c3 c4 10. b4 Qc7 11. Nb2 h5 12. Be2 Ne7 13. O-O Nf5 14. Bf2 Be7 15. Qd2 b5 16. a4 Ba6 17. Nd1 bxa4 18. Rxa4 Bb5 19. Ra5 Qc6 20. Ne3 g6 21. Nxf5 gxf5 22. Bh4 Nf8 23. Bxe7 Kxe7 24. Ne1 h4 25. Nc2 Ng6 26. Rfa1 a6 27. Na3 Kd7 28. Kf2 Kc7 29. Ke3 Kb7 30. Qa2 Ba4 31. Nxc4 dxc4 32. Bf3 Bb5 1-0